 Dungeon Crawl Stone Soup version 0.31-a0-180-g519b7de00c (webtiles) character file.

Game seed: 8915317986096955516

17246 mopl the Covert (level 12, -3/91 HPs)
             Began as a Vine Stalker Enchanter on June 19, 2023.
             Was a Believer of Nemelex Xobeh.
             Slain by a killer bee (4 damage)
             ... on level 11 of the Dungeon.
             The game lasted 00:21:56 (9838 turns).

mopl the Covert (Vine Stalker Enchanter)            Turns: 9838, Time: 00:21:59

Health: -3/91      AC: 26    Str: 12    XL:     12   Next: 46%
Magic:  0/26       EV:  2    Int: 26    God:    Nemelex Xobeh [**....]
Gold:   436        SH:  0    Dex: 21    Spells: 15/30 levels left

rFire   . . .        a - +2 dagger (drain)
rCold   . . .        (no shield)
rNeg    . . .        y - melded +0 steam dragon scales
rPois   +            G - melded +1 hat
rElec   .            I - melded scarf of the Good {+Inv, Dex+5}
rCorr   .            B - melded +2 pair of gloves {Str+3}
SInv    .            (boots currently unavailable)
Will    +....        (no amulet)
Stlth   +++++++      P - +6 ring of dexterity
HPRegen 1.15/turn    H - ring "Biarph" {Fly Int+7 Stlth+}
MPRegen 0.20/turn

%: guardian spirit
@: lethally poisoned (-3 -> -5), tree-form
A: stationary, stasis, torment immunity, boosted hp, (fangs 3), regeneration 1,
magic shield, (antimagic bite), no potion heal 2
a: Renounce Religion, Draw Escape, Draw Destruction, Draw Summoning


You were on level 11 of the Dungeon.
You worshipped Nemelex Xobeh.
Nemelex Xobeh was pleased with you.
You were a tree.
You visited 2 branches of the dungeon, and saw 12 of its levels.
You also visited: Bailey.

You collected 878 gold pieces.
You spent 442 gold pieces at shops.

Inventory:

Hand Weapons
 a - a +2 dagger of draining (weapon)
 b - a +1 dagger of venom
 i - a +1 dagger
 M - a +3 scimitar of flaming
Missiles
 g - a curare-tipped dart
 p - 8 boomerangs
 C - 2 throwing nets
 K - 28 poisoned darts
 N - 3 datura-tipped darts
Armour
 x - a +2 robe of fire resistance
 y - +0 steam dragon scales (melded)
 A - an orb of energy
 B - a +2 pair of gloves of strength (melded)
 G - a +1 hat (melded)
 I - the scarf of the Good (melded) {+Inv, Dex+5}
   (You found it in a bailey)

   Dex:       It affects your dexterity (+5).
Jewellery
 j - a +6 ring of strength
 z - a ring of fire
 H - the ring "Biarph" (right branch) {Fly Int+7 Stlth+}
   (You acquired it in a bailey)

   [ring of flight]

   Int:       It affects your intelligence (+7).
   Fly:       It grants you flight.
   Stlth:     It makes you more stealthy.
 P - a +6 ring of dexterity (left branch)
 S - a ring of positive energy
Wands
 m - a wand of digging (5)
 o - a wand of mindburst (26)
 t - a wand of flame (28)
 w - a wand of charming (5)
Scrolls
 d - 3 scrolls of enchant weapon {unknown}
 e - 13 scrolls of teleportation
 h - a scroll of blinking {unknown}
 l - 2 scrolls of vulnerability {unknown}
 n - a scroll of fear {unknown}
 r - 3 scrolls of fog {unknown}
 s - 2 scrolls of immolation
 u - 4 scrolls of noise {unknown}
 v - 3 scrolls of enchant armour {unknown}
 E - 2 scrolls of amnesia
 L - 4 scrolls of identify
 O - a scroll of revelation {unknown}
 Q - 3 scrolls of poison {unknown}
Potions
 c - 2 potions of invisibility
 f - 3 potions of mutation {!q}
 k - a potion of brilliance
 q - 4 potions of haste
 F - a potion of enlightenment
 J - a potion of magic
 R - a potion of curing


   Skills:
 + Level 6.2 Fighting
 + Level 6.1 Short Blades
 - Level 1.5 Dodging
 * Level 12.8 Stealth
 * Level 9.9 Spellcasting
 * Level 10.0 Hexes
 + Level 2.9 Transmutations
 + Level 2.7 Earth Magic
 + Level 2.3 Invocations
 + Level 4.6 Evocations


You had 15 spell levels left.
You knew the following spells:

 Your Spells              Type           Power      Damage    Failure   Level
a - Petrify               Tmut/Erth      27%        N/A       14%         4
b - Ensorcelled Hibernat  Hex/Ice        78%        N/A       1%          2
c - Confusing Touch       Hex            60%        N/A       1%          3
d - Tukima's Dance        Hex            60%        N/A       1%          3
f - Dazzling Flash        Conj/Hex       78%        N/A       1%          3

Your spell library contained the following spells:

 Spells                   Type           Power      Damage    Failure   Level
 Beastly Appendage        Tmut           56%        N/A       1%          1
 Summon Guardian Golem    Hex/Summ       39%        N/A       1%          3
 Wereblood                Tmut           28%        N/A       2%          2
 Summon Small Mammal      Summ           48%        N/A       4%          1
 Cigotuvi's Dreadful Rot  Necr/Pois/Air  24%        N/A       7%          2
 Static Discharge         Conj/Air       24%        2-3/arc   7%          2
 Sublimation of Blood     Necr           12%        N/A       7%          2
 Spider Form              Tmut/Pois      20%        N/A       8%          3
 Call Canine Familiar     Summ           12%        N/A       14%         3
 Ozocubu's Armour         Ice            12%        N/A       14%         3
 Metabolic Englaciation   Hex/Ice        19%        N/A       16%         5
 Airstrike                Air            6%         2d(1-17)  43%         4
 Dispel Undead            Necr           12%        3d9       43%         4
 Summon Lightning Spire   Summ/Air       12%        N/A       43%         4
 Irradiate                Conj/Tmut      10%        3d15      56%         5
 Summon Forest            Summ/Tloc      6%         N/A       78%         5
 Eringya's Noxious Bog    Tmut/Pois      10%        N/A       98%         6
 Death Channel            Necr           6%         N/A       100%        6
 Simulacrum               Ice/Necr       6%         N/A       100%        6
 Orb of Destruction       Conj           6%         9d6       100%        7
 Spellforged Servitor     Conj/Summ      6%         N/A       100%        7
 Summon Hydra             Summ           6%         N/A       100%        7


Dungeon Overview and Level Annotations

Branches:
Dungeon (11/15)            Temple (1/1) D:5            Lair (0/5) D:8
    Orc (0/2) D:11         Bailey (visited)

Altars:
Ashenzari
Cheibriados
Dithmenos
Kikubaaqudgha
Nemelex Xobeh
Sif Muna
Vehumet
Xom
Yredelemnul

Shops:
D:3 *   D:6 (   D:11 *:?*


Innate Abilities, Weirdness & Mutations

You are a tree.
Your roots penetrate the ground, keeping you stationary.
You cannot be teleported.
You are immune to unholy pain and torment.
Your maximum health is greatly increased.
Your equipment is partially melded.
((You have razor-sharp teeth.))
Your natural rate of healing is unusually fast.
When hurt, damage is shared between your health and your magic reserves.
((Your bite disrupts and absorbs the magic of your enemies.))
Potions cannot restore your health.


Message History

Unknown command.
Casting: Ensorcelled Hibernation (safe; 1% risk of failure)
Confirm with . or Enter, or press ? or * to list all spells.
Aiming: Ensorcelled Hibernation (safe; 1% risk of failure)
Press: ? - help, Shift-Dir - straight line, f - killer bee
Aim: a killer bee (chance to affect: 73%)
The killer bee struggles to resist.
* * * LOW HITPOINT WARNING * * *
You feel very sick.
The killer bee stings you but does no damage. x4
Casting: Ensorcelled Hibernation (safe; 1% risk of failure)
Confirm with . or Enter, or press ? or * to list all spells.
Aiming: Ensorcelled Hibernation (safe; 1% risk of failure)
Press: ? - help, Shift-Dir - straight line, f/p - killer bee
Aim: a killer bee (chance to affect: 73%)
The killer bee looks drowsy...
* * * LOW HITPOINT WARNING * * *
You feel very sick.
The killer bee stings you but does no damage. x2
The helpless killer bee fails to defend itself.
You perforate the killer bee like a sieve!!!!
You kill the killer bee!
You feel sick. The killer bee stings you!
* * * LOW HITPOINT WARNING * * *
You hit the killer bee.
The killer bee is lightly wounded.
* * * LOW HITPOINT WARNING * * *
You feel sick.
The killer bee stings you but does no damage.
Okay, then.
Unknown command.
Unknown command.
Okay, then.
It was a potion of curing.
Your system rejects the healing.
You feel better. The killer bee stings you.
* * * LOW HITPOINT WARNING * * *
You are lethally poisoned!
The killer bee poisons you! The killer bee stings you.
You die...
Your body glows slightly and disappears.

##########...####..##..##..#....
##...####'###..##..###..
#....#......#........#..
#....#......#........#..
#....##..####..##....#..
###..###'####..#######..
#####.....†..##....###
#...............'..
#.♣†............#..
...#####y###.##'#####'###
#.#.##........##.##.##.##.##. ###
#.#..#........#..#........... ∩.#
#.#..#..!.....#..#........... #.
#.#..#.....(..#.)#........... ..
#.#..#........#..#...........
###.#.#..#........###############
... #.#..#######... .....


You could see a killer bee.

Vanquished Creatures
  Erica (D:9)
  A boulder beetle (D:11)
  A two-headed ogre (D:9)
  An orc high priest (Bailey)
  A necromancer (D:9)
  Pikel (D:4)
  An orc knight (Bailey)
  An elephant (D:8)
  Maurice (D:10)
  Joseph (D:10)
  A gargoyle (D:11)
  A kobold demonologist (Bailey)
  A troll (D:9)
  A hornet (D:8)
  Sigmund (D:6)
  A shadow (D:10)
  A wraith (D:9)
  5 yaks (D:10)
  A basilisk (D:8)
  A wyvern (D:8)
  2 steam dragons (D:8)
  Edmund (D:5)
  Menkaure (D:6)
  An acid dragon (D:11)
  A water moccasin (D:7)
  Duvessa (D:5)
  An ice beast (D:7)
  A black bear (D:8)
  13 orc warriors
  A sky beast (D:7)
  An ogre (D:6)
  3 centaurs
  A lemure (D:4)
  3 kobold brigands
  A phantom (D:4)
  A bullfrog (D:6)
  4 scorpions
  10 wights
  Dowan (D:5)
  12 killer bees
  4 electric eels (Bailey)
  5 howler monkeys
  6 hounds
  3 jellies
  6 orc priests
  Ijyb (D:3)
  4 orc wizards
  An iguana (D:6)
  2 wolf simulacra (D:9)
  5 polar bear simulacra (D:9)
  A yak simulacrum (D:9)
  3 adders
  6 gnolls
  3 shadow imps
  2 white imps
  An ufetubus (D:6)
  5 worms
  2 dart slugs
  20 orcs
  6 ball pythons
  8 endoplasms
  2 giant cockroaches
  20 goblins
  9 hobgoblins
  7 jackals (D:3)
  16 kobolds
  2 quokkas
  6 bats
  10 frilled lizards
  5 rats
  3 river rat simulacra (D:9)
258 creatures vanquished.

Vanquished Creatures (collateral kills)
  3 wights
  Crazy Yiuf (D:4)
  A kobold (D:8)
5 creatures vanquished.

Vanquished Creatures (others)
  7 dancing weapons
  A lemure (D:4)
8 creatures vanquished.

Grand Total: 271 creatures vanquished

Notes
Turn   | Place    | Note
-------+----------+-------------------------------------------
     0 | D:1      | mopl the Vine Stalker Enchanter began the quest for the
                  | Orb.
     0 | D:1      | Reached XP level 1. HP: 9/9 MP: 4/4
    82 | D:1      | Reached skill level 1 in Short Blades
    88 | D:1      | Reached XP level 2. HP: 13/13 MP: 4/6
   110 | D:1      | Learned a level 2 spell: Ensorcelled Hibernation
   150 | D:1      | Reached skill level 4 in Stealth
   312 | D:1      | Reached XP level 3. HP: 17/17 MP: 7/7
   316 | D:1      | Learned a level 3 spell: Confusing Touch
   969 | D:2      | Gained mutation: Your natural rate of healing is unusually
                  | fast. [Vine Stalker growth]
   969 | D:2      | Reached XP level 4. HP: 21/21 MP: 9/9
   979 | D:2      | Learned a level 3 spell: Tukima's Dance
  1352 | D:3      | Found a transporter.
  1373 | D:3      | Noticed Ijyb
  1374 | D:3      | Found a faded altar of an unknown god.
  1383 | D:3      | Killed Ijyb
  1384 | D:3      | Reached skill level 3 in Spellcasting
  1446 | D:3      | Found Vipt's General Store.
  1461 | D:3      | Found a transporter.
  1488 | D:3      | Bought a wand of flame (16) for 156 gold pieces
  1661 | D:3      | Reached skill level 1 in Fighting
  1661 | D:3      | Reached XP level 5. HP: 25/25 MP: 10/10
  1690 | D:3      | Reached skill level 5 in Stealth
  1741 | D:3      | Bought a potion of attraction for 42 gold pieces
  1809 | D:4      | Noticed a lemure
  1809 | D:4      | Noticed a lemure
  1809 | D:4      | Noticed a lemure
  1833 | D:4      | Killed a lemure
  1919 | D:4      | Reached skill level 4 in Hexes
  1940 | D:4      | Reached skill level 2 in Short Blades
  2020 | D:4      | Noticed a phantom
  2042 | D:4      | Killed a phantom
  2043 | D:4      | Reached XP level 6. HP: 30/30 MP: 4/12
  2104 | D:4      | Learned a level 3 spell: Dazzling Flash
  2173 | D:4      | Noticed Pikel
  2202 | D:4      | Killed Pikel
  2203 | D:4      | Reached skill level 2 in Fighting
  2203 | D:4      | Reached skill level 6 in Stealth
  2203 | D:4      | Reached skill level 4 in Spellcasting
  2203 | D:4      | Reached skill level 5 in Hexes
  2203 | D:4      | Reached XP level 7. HP: 22/35 MP: 2/15
  2465 | D:4      | Found a runed translucent door.
  2466 | D:4      | Noticed Crazy Yiuf
  2475 | D:4      | Killed Crazy Yiuf
  2508 | D:5      | Entered Level 5 of the Dungeon
  2528 | D:5      | Gained mutation: You have razor-sharp teeth. [Vine Stalker
                  | growth]
  2528 | D:5      | Reached XP level 8. HP: 34/39 MP: 13/16
  2703 | D:5      | Found a staircase to the Ecumenical Temple.
  2705 | D:5      | Noticed Edmund
  2717 | D:5      | Reached skill level 5 in Spellcasting
  2799 | D:5      | Noticed Dowan
  2800 | D:5      | Noticed Duvessa
  2968 | D:5      | Reached skill level 3 in Short Blades
  2968 | D:5      | Reached skill level 7 in Stealth
  3036 | D:5      | Killed Dowan
  3049 | D:5      | Killed Duvessa
  3245 | D:6      | Reached skill level 3 in Fighting
  3411 | D:6      | Noticed Sigmund
  3419 | D:6      | Killed Sigmund
  3420 | D:6      | Reached skill level 6 in Hexes
  3490 | D:6      | Reached skill level 8 in Stealth
  3526 | D:6      | Reached XP level 9. HP: 44/44 MP: 18/18
  3544 | D:6      | Noticed Menkaure
  3551 | D:6      | Reached skill level 6 in Spellcasting
  3559 | D:6      | Killed Menkaure
  3569 | D:6      | Found Jyblest's Weapon Shop.
  3830 | D:7      | Found a flagged portal.
  3844 | Bailey   | Entered a bailey
  4201 | Bailey   | Reached skill level 1 in Evocations
  4212 | Bailey   | Reached skill level 4 in Short Blades
  4212 | Bailey   | Reached skill level 9 in Stealth
  4212 | Bailey   | Reached skill level 7 in Hexes
  4396 | Bailey   | Reached skill level 4 in Fighting
  4413 | Bailey   | Acquired the ring "Biarph" {Fly Int+7 Stlth+}
  4529 | Bailey   | Noticed an orc knight
  4534 | Bailey   | Killed an orc knight
  4535 | Bailey   | Reached skill level 7 in Spellcasting
  4535 | Bailey   | Reached skill level 2 in Evocations
  4535 | Bailey   | Reached XP level 10. HP: 50/50 MP: 21/21
  4735 | Bailey   | Found an iron altar of Okawaru.
  4735 | Bailey   | Noticed an orc high priest
  4735 | Bailey   | Noticed a kobold demonologist
  4745 | Bailey   | Killed an orc high priest
  4746 | Bailey   | Reached skill level 10 in Stealth
  4746 | Bailey   | Killed a kobold demonologist
  4797 | Bailey   | Reached skill level 5 in Fighting
  4797 | Bailey   | Reached skill level 5 in Short Blades
  4797 | Bailey   | Reached skill level 11 in Stealth
  4797 | Bailey   | Reached skill level 8 in Spellcasting
  4797 | Bailey   | Reached skill level 9 in Hexes
  4797 | Bailey   | Reached skill level 3 in Evocations
  4797 | Bailey   | Reached XP level 11. HP: 56/56 MP: 22/24
  4803 | Bailey   | Learned a level 4 spell: Petrify
  4812 | Bailey   | Identified the scarf of the Good {+Inv, Dex+5}
  4923 | D:7      | Reached skill level 9 in Spellcasting
  5433 | D:7      | Found a snail-covered altar of Cheibriados.
  5434 | D:7      | Found a shadowy altar of Dithmenos.
  5869 | D:5      | Found a staircase to the Ecumenical Temple.
  6324 | D:5      | Killed Edmund
  6332 | Temple   | Entered the Ecumenical Temple
  6469 | Temple   | Became a worshipper of Nemelex Xobeh the Trickster
  6543 | D:8      | Reached skill level 4 in Evocations
  6667 | D:8      | Found a staircase to the Lair.
  6727 | D:8      | Reached skill level 12 in Stealth
  6727 | D:8      | Reached skill level 1 in Transmutations
  6727 | D:8      | Reached skill level 1 in Earth Magic
  6991 | D:8      | Reached skill level 1 in Invocations
  7417 | D:9      | Noticed Erica
  7427 | D:9      | Killed Erica
  7639 | D:9      | Noticed a two-headed ogre
  7646 | D:9      | Killed a two-headed ogre
  7654 | D:8      | Reached skill level 2 in Transmutations
  7654 | D:8      | Reached skill level 2 in Earth Magic
  7654 | D:8      | Reached XP level 12. HP: 38/60 MP: 17/26
  7964 | D:9      | Reached skill level 6 in Fighting
  7993 | D:9      | Reached * piety under Nemelex Xobeh
  8285 | D:10     | Entered Level 10 of the Dungeon
  8335 | D:10     | Reached skill level 6 in Short Blades
  8452 | D:10     | Noticed Maurice
  8456 | D:10     | Killed Maurice
  8457 | D:10     | Reached skill level 2 in Invocations
  8573 | D:10     | Noticed Joseph
  8655 | D:10     | Killed Joseph
  8716 | D:10     | Received a gift from Nemelex Xobeh
  8744 | D:10     | Reached skill level 10 in Hexes
  9040 | D:11     | Reached ** piety under Nemelex Xobeh
  9042 | D:11     | Found Leynguit's Assorted Antiques.
  9052 | D:11     | Bought a scroll of teleportation for 102 gold pieces
  9052 | D:11     | Bought a sapphire potion for 30 gold pieces
  9383 | D:3      | Bought a scroll of amnesia for 56 gold pieces
  9523 | D:11     | Found Goesogub's Book Boutique.
  9524 | D:11     | Found Duxosh's General Store.
  9547 | D:11     | Bought a scroll of immolation for 56 gold pieces
  9569 | D:11     | Found Cukk's Magic Scroll Boutique.
  9675 | D:11     | Received a gift from Nemelex Xobeh
  9688 | D:11     | Found a staircase to the Orcish Mines.
  9772 | D:11     | Noticed a boulder beetle
  9778 | D:11     | Killed a boulder beetle
  9836 | D:11     | HP: 3/91 [killer bee (4)]
  9837 | D:11     | HP: 1/91 [poisoned by a killer bee]
  9838 | D:11     | Slain by a killer bee

Illustrated notes

Levels and vault maps discovered:
D:1:      minmay_arrival_cross, layout_basic, minmay_pentomino_x4
D:2:      layout_rooms
D:3:      gammafunk_wand_slinger, layout_rooms, serial_shops,
          nicolae_shop_getting_attention, ebering_ecumenical_altar_abandoned,
          uniq_ijyb
D:4:      layout_rooms, minmay_splitting_lines, uniq_pikel,
          uniq_crazy_yiuf_cottage
D:5:      layout_cave_pools, minmay_temple_entry_from_below_a,
          minmay_misc_feat_chi, lexackson_kobold_supper, uniq_duvessa,
          uniq_edmund
D:6:      layout_gridville, serial_shops, nicolae_shop_just_a_little_nook,
          uniq_menkaure, uniq_sigmund
D:7:      layout_basic, gammafunk_temple_overflow_statue, enter_bailey_3
D:8:      layout_rooms, david_lair_generic
D:9:      layout_long_grid, minivault_16, hangedman_abyss_or_decor_slice,
          eino_house_with_fridge, uniq_erica
D:10:     layout_loops_cross, uniq_maurice, uniq_joseph
D:11:     layout_gridville, orc_0_dummy, serial_shops,
          nicolae_inconvenience_store, shop,
          nicolae_shop_competitors_out_of_business, nicolae_shop_stone,
          nicolae_shop_overgrown_old_shop
Temple:   mainiacjoe_temple_big_plus

Skill      XL: |  1  2  3  4  5  6  7  8  9 10 11 12 |
---------------+-------------------------------------+-----
Short Blades   | 1 2 3 4 5 6 |  6.1
Stealth        | 4 5 6 8 9 11 12 | 12.8
Spellcasting   | 3 4 5 7 8 9 |  9.9
Fighting       | 1 2 3 4 5 6 |  6.2
Hexes          | 4 5 6 7 9 10 | 10.0
Evocations     | 2 3 4 |  4.6
Transmutations | 2 |  2.9
Earth Magic    | 2 |  2.7
Invocations    | 1 2 |  2.3
Dodging        | |  1.5

Action                     |  1- 3 |  4- 6 |  7- 9 | 10-12 || total
---------------------------+-------+-------+-------+-------++-------
  Melee: Dagger            |    82 |    76 |   187 |   274 ||   619
         Bite              |    13 |    17 |    47 |    93 ||   170
         Punch             |     2 |       |     2 |     1 ||     5
   Cast: Ensorcelled Hiber |     1 |    12 |    33 |    67 ||   113
         Confusing Touch   |       |     1 |     3 |    12 ||    16
         Tukima's Dance    |       |     1 |     8 |    15 ||    24
  Evoke: Wand              |       |     8 |       |       ||     8
    Use: Scroll            |       |     3 |     5 |     2 ||    10
         Potion            |       |       |       |     4 ||     4
   Stab: Sleeping          |    11 |    12 |    28 |    53 ||   104
         Confused          |       |     2 |     2 |     6 ||    10
 Armour: Robe              |    19 |    10 |    46 |    19 ||    94
         Steam dragon scal |       |       |       |    72 ||    72
         Skin              |       |       |       |    10 ||    10
  Dodge: Dodged            |    52 |    34 |   104 |   158 ||   348

Table legend: (Time is in decaauts)
 A = Elapsed time spent in this place.
 B = Non-inter-level travel time spent in this place.
 C = Inter-level travel time spent in this place.
 D = Time resting spent in this place.
 E = Time spent auto-exploring this place.
 F = Levels seen in this place.
 G = Mean time per level.
                   A        B        C        D        E       F      G
               +--------+--------+--------+--------+--------+-----+--------+
         Total |   9750 |   9034 |    716 |    662 |   5804 |  13 |  750.0 |
       Dungeon |   8606 |   7912 |    694 |    422 |   5575 |  11 |  782.4 |
        Temple |    159 |    137 |     22 |      0 |    121 |   1 |  159.0 |
        Bailey |    983 |    983 |      0 |    240 |    108 |   1 |  983.0 |
               +--------+--------+--------+--------+--------+-----+--------+

Top non-repeatable levels by time:
     D:5: 1247 daAuts
     D:9: 1112 daAuts
     D:7: 986 daAuts
  Bailey: 983 daAuts
     D:8: 856 daAuts
     D:4: 801 daAuts
    D:10: 772 daAuts
     D:1: 729 daAuts
     D:6: 695 daAuts
     D:2: 523 daAuts
     D:3: 517 daAuts
    D:11: 365 daAuts
  Temple: 159 daAuts
